 Dungeon Crawl Stone Soup version 0.30-a0-939-gc8157cb160 (webtiles) character file.

Game seed: 13648465135703535272

975 Morbidden the Conjurer (level 7, -7/51 HPs)
             Began as a Demonspawn Conjurer on Mar 25, 2023.
             Was an Initiate of Cheibriados.
             Mangled by a wight
             ... wielding a +0 halberd
              (12 damage)
             ... on level 6 of the Dungeon.
             The game lasted 00:06:13 (4548 turns).

Morbidden the Conjurer (Demonspawn Conjurer)        Turns: 4548, Time: 00:06:14

Health: -7/51      AC:  8    Str: 14    XL:     7   Next: 95%
Magic:  11/12      EV: 12    Int: 22    God:    Cheibriados [......]
Gold:   208        SH:  5    Dex: 13    Spells: 6/13 levels left

rFire   . . .      SeeInvis .    b - +2 short sword (venom)
rCold   . . .      Faith    .    (no shield)
rNeg    . . .      Spirit   .    h - +0 leather armour
rPois   .          Reflect  +    (no helmet)
rElec   .          Rampage  .    (no cloak)
rCorr   .                        k - +0 pair of gloves
Will    .....                    j - +0 pair of boots
Stlth   ++                       y - amulet of reflection
HPRegen 0.28/turn                i - +6 ring of strength
MPRegen 0.13/turn                (no ring)

@: very slow
A: yellow scales 2, powered by pain 1, demonic magic 1
a: Renounce Religion


You were on level 6 of the Dungeon.
You worshipped Cheibriados.
Cheibriados was noncommittal.
You visited 1 branch of the dungeon, and saw 6 of its levels.

You collected 208 gold pieces.

Inventory:

Hand Weapons
 a - a +1 dagger of flaming
 b - a +2 short sword of venom (weapon)
 w - a +0 dagger of venom
Armour
 h - a +0 leather armour (worn)
 j - a +0 pair of boots (worn)
 k - a +0 pair of gloves (worn)
 x - a +1 chain mail of fire resistance
Jewellery
 i - a +6 ring of strength (left hand)
 y - an amulet of reflection (around neck)
Wands
 s - a wand of flame (17)
Scrolls
 c - 2 scrolls of fog {unknown}
 d - 5 scrolls of identify {unknown}
 e - a scroll of enchant weapon {unknown}
 f - a scroll of poison {unknown}
 m - a scroll of acquirement {unknown}
 n - a scroll of blinking {unknown}
 o - a scroll of enchant armour {unknown}
 t - a scroll of brand weapon {unknown}
Potions
 g - a potion of curing {unknown}
 l - a potion of mutation {unknown}
 p - a potion of brilliance {unknown}
 q - a potion of heal wounds {unknown}
 r - a potion of berserk rage {unknown}
 u - a potion of magic
 v - a potion of might
 z - a potion of attraction {unknown}


   Skills:
 * Level 2.7 Fighting
 * Level 2.3 Short Blades
 * Level 2.8 Armour
 * Level 2.9 Dodging
 + Level 3.4 Stealth
 + Level 0.3 Shields
 * Level 3.6 Spellcasting
 * Level 5.6 Conjurations
 * Level 1.2 Translocations
 * Level 2.9 Invocations


You had 6 spell levels left.
You knew the following spells:

 Your Spells              Type           Power      Damage    Failure   Level
a - Magic Dart            Conj           100%       1d8       1%          1
b - Searing Ray           Conj           56%        2d6       2%          2
z - Iskenderun's Mystic   Conj/Tloc      19%        2d6       34%         4

Your spell library contained the following spells:

 Spells                   Type           Power      Damage    Failure   Level
 Dazzling Flash           Conj/Hex       32%        N/A       14%         3
 Summon Guardian Golem    Hex/Summ       4%         N/A       38%         3
 Fulminant Prism          Conj/Hex       8%         3d7       41%         4
 Orb of Destruction       Conj           14%        9d7       100%        7
 Spellforged Servitor     Conj/Summ      8%         N/A       100%        7


Dungeon Overview and Level Annotations

Branches:
Dungeon (7/15)
 Temple: D:4-7

Altars:
Cheibriados
Trog
Vehumet

Shops:
D:1 =


Innate Abilities, Weirdness & Mutations

You are mostly covered in yellow scales. (AC +3)
You sometimes gain a little power by taking damage.
Spells you cast may paralyse adjacent enemies.


Message History

The searing ray hits the steam dragon.
The steam dragon is almost dead.
You finish channelling your searing ray.
You are engulfed in a cloud of scalding steam.
The steam dragon misses you. The steam dragon closely misses you.
Unknown command.
Unknown command.
You hit the steam dragon but do no damage.
The steam dragon is poisoned.
The steam dragon is almost dead.
You are engulfed in a cloud of scalding steam.
The steam dragon bites you but does no damage.
The steam dragon claws you.
A wight comes into view. It is wielding a +0 spear.
You barely miss the steam dragon.
The steam dragon is almost dead.
You are engulfed in a cloud of scalding steam.
The steam dragon breathes steam at you. The ball of steam hits you!!
* * * LOW HITPOINT WARNING * * *
You focus on the pain.
You feel your power returning.
Casting: Searing Ray (safe; 2% risk of failure)
Confirm with . or Enter, or press ? or * to list all spells.
Aiming: Searing Ray (safe; 2% risk of failure)
Press: ? - help, Shift-Dir - straight line, f/p - steam dragon
Aim: a steam dragon (almost dead, very poisoned, catching its breath, 79% to hit)
The searing ray hits the steam dragon.
You kill the steam dragon!
Cheibriados thoroughly appreciates the change of pace. (Press . to maintain the ray.) Malevolent energies surge around you.
You are engulfed in a cloud of scalding steam.
* * * LOW HITPOINT WARNING * * *
Unknown command.
Unknown command.
Okay, then. 2 wights come into view.
Found 15 gold pieces.
You block the wight's attack.
The wight hits you from afar with a +0 halberd!
You die...

#.# .......
#.# $......
#.# .......
#.# .......
#.# .......
#.# ....zzz
#.#
.......###§#
#....@§§§#
#..#####.# #
#.# #.# #^#
... #.# ..#


You could see 3 wights.

Vanquished Creatures
  A wyvern (D:7)
  A steam dragon (D:6)
  An ice beast (D:7)
  A black bear (D:7)
  3 bullfrogs (D:7)
  2 scorpions (D:4)
  An orc priest (D:3)
  2 iguanas
  An orc wizard (D:3)
  An adder (D:3)
  A white imp (D:7)
  A worm (D:3)
  A dart slug (D:1)
  8 orcs
  9 bats
  5 endoplasms
  4 giant cockroaches
  12 goblins
  7 hobgoblins
  6 jackals (D:1)
  8 kobolds
  A quokka (D:1)
  10 ball pythons
  3 frilled lizards
  4 rats
94 creatures vanquished.

Vanquished Creatures (others)
  2 plants (D:1)
2 creatures vanquished.

Grand Total: 96 creatures vanquished

Notes
Turn   | Place    | Note
-------+----------+-------------------------------------------
     0 | D:1      | Morbidden the Demonspawn Conjurer began the quest for the
                  | Orb.
     0 | D:1      | Reached XP level 1. HP: 13/13 MP: 3/3
   204 | D:1      | Gained mutation: You are partially covered in yellow
                  | scales. (AC +2) [demonic ancestry]
   204 | D:1      | Reached XP level 2. HP: 19/19 MP: 0/5
   449 | D:1      | Learned a level 2 spell: Searing Ray
   677 | D:1      | Found Omatom's Jewellery Shop.
   829 | D:1      | Gained mutation: Spells you cast may paralyse adjacent
                  | enemies. [demonic ancestry]
   829 | D:1      | Reached XP level 3. HP: 24/24 MP: 3/6
  1948 | D:3      | Reached skill level 1 in Fighting
  1948 | D:3      | Reached XP level 4. HP: 17/32 MP: 1/7
  2341 | D:3      | Reached skill level 1 in Short Blades
  2341 | D:3      | Reached skill level 1 in Armour
  2341 | D:3      | Gained mutation: You are mostly covered in yellow scales.
                  | (AC +3) [demonic ancestry]
  2341 | D:3      | Reached XP level 5. HP: 24/37 MP: 3/8
  2443 | D:3      | Found a bloodstained altar of Trog.
  2704 | D:3      | Reached skill level 5 in Conjurations
  3264 | D:4      | Reached XP level 6. HP: 44/44 MP: 2/10
  3326 | D:4      | You fall into a shaft and drop 3 floors!
  3392 | D:7      | Identified the +2 buckler of Yredelemnul {rN+ Will+}
  3397 | D:7      | Found a snail-covered altar of Cheibriados.
  3408 | D:7      | Became a worshipper of Cheibriados the Contemplative
  3433 | D:7      | Noticed an ice beast
  3441 | D:7      | Noticed a wyvern
  3452 | D:7      | Killed an ice beast
  3453 | D:7      | Reached skill level 1 in Invocations
  3466 | D:7      | Learned a level 4 spell: Iskenderun's Mystic Blast
  3520 | D:7      | Killed a wyvern
  3521 | D:7      | Gained mutation: You sometimes gain a little power by
                  | taking damage. [demonic ancestry]
  3521 | D:7      | Reached XP level 7. HP: 50/51 MP: 3/11
  3598 | D:7      | Found a radiant altar of Vehumet.
  4158 | D:7      | Reached skill level 1 in Translocations
  4540 | D:6      | Noticed a steam dragon
  4547 | D:6      | Killed a steam dragon
  4548 | D:6      | Mangled by a wight

Illustrated notes

Levels and vault maps discovered:
D:1:      scummos_arrival_simple_crosswalls, layout_loops_cross, serial_shops,
          shop_fountains, kennysheep_decorative_pillar, serial_bayou_lagoon_a,
          hangedman_abyss_or_decor_stabs
D:2:      layout_basic
D:3:      layout_basic, lemuel_tele_altar, st_stairs_13
D:4:      layout_loops_ring, kennysheep_generic_room_8, uniq_pikel
D:6:      layout_basic, nemelex_xobeh_ov_fountains_minmay,
          minmay_temple_entry_overgrown, serial_shops, shop_statue,
          wad_floor_pattern_untrapped, minmay_puff
D:7:      layout_cave_pods, kennysheep_little_box, fiery_altar_vehumet,
          mainiacjoe_overflow_chevrons, serial_park, serial_park_square3
          [serial_park_minivault_5x5_4], serial_park_square1
          [serial_park_minivault_5x5_5], serial_park_square1
          [serial_park_minivault_5x5_5]

Skill      XL: |  1  2  3  4  5  6  7 |
---------------+----------------------+-----
Fighting       | 1 2 |  2.7
Stealth        | 2 3 |  3.4
Short Blades   | 1 2 |  2.3
Armour         | 1 2 |  2.8
Dodging        | 2 |  2.9
Conjurations   | 5 |  5.6
Spellcasting   | 3 |  3.6
Invocations    | 1 2 |  2.9
Translocations | 1 |  1.2
Shields        | |  0.3

Action                     |  1- 3 |  4- 6 |  7- 9 || total
---------------------------+-------+-------+-------++-------
  Melee: Unarmed           |    19 |       |       ||    19
         Dagger            |    19 |    38 |       ||    57
         Short sword       |       |    18 |     5 ||    23
         Punch             |       |       |     1 ||     1
   Cast: Magic Dart        |    89 |    54 |    15 ||   158
         Searing Ray       |       |     4 |     6 ||    10
   Stab: Paralysed         |     5 |    15 |       ||    20
         Sleeping          |     1 |     2 |       ||     3
 Armour: Robe              |     7 |       |       ||     7
         Leather armour    |    14 |    20 |     8 ||    42
  Dodge: Dodged            |    38 |    36 |     5 ||    79
  Block: Other             |       |     4 |     1 ||     5

Table legend: (Time is in decaauts)
 A = Elapsed time spent in this place.
 B = Non-inter-level travel time spent in this place.
 C = Inter-level travel time spent in this place.
 D = Time resting spent in this place.
 E = Time spent auto-exploring this place.
 F = Levels seen in this place.
 G = Mean time per level.
                   A        B        C        D        E       F      G
               +--------+--------+--------+--------+--------+-----+--------+
         Total |   4748 |   4652 |     96 |    144 |   3835 |   6 |  791.3 |
       Dungeon |   4748 |   4652 |     96 |    144 |   3835 |   6 |  791.3 |
               +--------+--------+--------+--------+--------+-----+--------+

Top non-repeatable levels by time:
     D:7: 1362 daAuts
     D:1: 1309 daAuts
     D:3: 1100 daAuts
     D:2: 630 daAuts
     D:4: 294 daAuts
     D:6: 50 daAuts
